 Dungeon Crawl Stone Soup version 0.19.0-24-gb05acd6 (webtiles) character file.

3430 WolfYork the Fighter (level 10, 0/65 HPs)
             Began as a Gargoyle Wizard on Nov 19, 2016.
             Was an Initiate of Vehumet.
             Slain by a spiny frog (12 damage)
             ... on level 8 of the Dungeon on Nov 20, 2016.
             The game lasted 01:26:53 (9271 turns).

WolfYork the Fighter (Gargoyle Wizard)              Turns: 9271, Time: 01:26:53

Health: 0/65       AC: 13    Str:  9 (12) XL:     10   Next: 5%
Magic:  9/21       EV: 12    Int: 22 (23) God:    Vehumet [......]
Gold:   442        SH:  4    Dex:  4 (8)  Spells: 6 memorised, 11 levels left

rFire  . . .     SeeInvis .     U - +7 hand axe "Wialilly" {chop, rC+}
rCold  + . .     Gourm    .     a - +0 robe
rNeg   + . .     Faith    .     (no shield)
rPois  ∞         Spirit   .     b - +0 hat
rElec  +         Reflect  +     (no cloak)
rCorr  .         Harm     .     f - +2 pair of gloves
MR     .....                    B - +0 pair of boots
Stlth  +.........               O - +4 amulet of reflection
                                P - ring of wizardry
                                q - +2 ring of intelligence

@: repel missiles
A: negative energy resistance 1, electricity resistance, unbreathing,
petrification resistance, rot immunity, AC +7
a: Renounce Religion


You were on level 8 of the Dungeon.
You worshipped Vehumet.
Vehumet was noncommittal.
You were very hungry.

You visited 3 branches of the dungeon, and saw 10 of its levels.

You collected 442 gold pieces.

Inventory:

Hand Weapons
 s - a +0 hunting sling
 K - a +1 falchion of holy wrath
 U - the +7 hand axe "Wialilly" (weapon) {chop, rC+}
   (You found it on level 4 of the Dungeon)

   It inflicts extra damage upon your enemies.
   It protects you from cold.
 W - a +0 short sword of draining
Missiles
 c - 53 arrows
 i - 7 javelins (quivered)
 o - 203 stones
 H - 48 sling bullets
Armour
 a - a +0 robe (worn)
 b - a +0 hat (worn)
 f - a +2 pair of gloves (worn)
 v - a +0 buckler
 B - a +0 pair of boots (worn)
Jewellery
 h - an uncursed ring of protection from magic {unknown}
 q - a +2 ring of intelligence (left hand)
 O - a +4 amulet of reflection (around neck)
 P - a ring of wizardry (right hand)
Wands
 e - a wand of flame (37/48)
 r - a wand of iceblast (1/15)
 I - a wand of confusion (44/48)
 N - a wand of random effects (25/48)
Scrolls
 g - a scroll of immolation {unknown}
 k - a scroll of silence {unknown}
 l - 5 scrolls of identify
 m - a scroll of random uselessness {unknown}
 u - 2 scrolls of fog {unknown}
 y - 4 scrolls of teleportation {unknown}
 z - a scroll of enchant weapon {unknown}
 A - 7 scrolls of remove curse
 F - 2 scrolls of enchant armour
 Q - 3 scrolls of amnesia {unknown}
 X - 2 scrolls of recharging {unknown}
 Y - a scroll of fear {unknown}
Potions
 j - a potion of cancellation
 n - 4 potions of curing
 C - a potion of might
 E - 2 potions of magic
 J - 2 potions of degeneration
Comestibles
 d - 4 bread rations
 t - 8 meat rations


   Skills:
 * Level 8.8 Fighting
 + Level 4.8 Dodging
 - Level 2.1 Stealth
 * Level 7.9 Spellcasting
 + Level 6.1 Conjurations
   Level 0.8 Summonings
 - Level 0.8 Translocations
 + Level 1.8 Fire Magic


You had 11 spell levels left.
You knew the following spells:

 Your Spells              Type           Power        Failure   Level  Hunger
a - Magic Dart            Conj           ####         1%          1    None
b - Mephitic Cloud        Conj/Pois/Air  ###.....     4%          3    None
c - Conjure Flame         Conj/Fire      ####....     2%          3    None
d - Blink                 Tloc           N/A          4%          2    None
e - Throw Frost           Conj/Ice       ###...       1%          2    None
f - Repel Missiles        Chrm/Air       #.....       6%          2    None


Dungeon Overview and Level Annotations

Branches:
Dungeon (8/15)             Temple (1/1) D:7            Lair (1/6) D:8

Altars:
Ashenzari
Cheibriados
Dithmenos
Elyvilon
Fedhas
Gozag
Kikubaaqudgha
Makhleb
Nemelex Xobeh
Okawaru
Qazlal
Ru
Sif Muna
Trog
Uskayaw
Vehumet
Xom
Yredelemnul
Zin

Shops:
D:8 %


Innate Abilities, Weirdness & Mutations

You are resistant to torment.
Your stone body is resilient. (AC +7)
You are immune to poison.
You resist negative energy. (rN+)
You are resistant to electric shocks. (rElec)
You can survive without breathing.
You are immune to petrification.
You are immune to rotting.


Message History

You blink.
The water moccasin bites you but does no damage.
Casting: Blink
Confirm with . or Enter, or press ? or * to list all spells.
You blink.
Okay, then.
It was a potion of degeneration.
There was something very wrong with that liquid.
You feel weakened.
You feel dopey.
You feel clumsy.
The water moccasin bites you but does no damage.
As you read the scroll labeled MAETHO LUOMU, it crumbles to dust.
It is a scroll of enchant armour.
Your +1 pair of gloves glows green for a moment.
The water moccasin misses you.
The spiny frog stings you but does no damage.
The water moccasin barely misses you. The spiny frog stings you!
* * * LOW HITPOINT WARNING * * *
You feel better. The water moccasin closely misses you.
The spiny frog stings you!
You die...

##########..##....#
#######.............._...
#...............###.÷..##
#.............#.# #...###
#.............#.# ###.###
##.............#.# #....
#.......>...h....# #....
#........SF......# #....
#........@.....#....##....
#..............#....+.....
#..............#....##....
#......######### #.#.....
#.###### #.#### # #. #. ..
.. ##. .#


You could see a spiny frog, a water moccasin and a wolf (confused).

Vanquished Creatures
  A komodo dragon (Lair:1)
  Grinder (D:2)
  2 yaks (D:8)
  Duvessa (D:4)
  3 orc warriors
  A sky beast (D:6)
  An ice beast (D:8)
  4 ogres
  A centaur (D:8)
  3 bullfrogs (D:8)
  Dowan (D:4)
  3 killer bees (D:8)
  4 howler monkeys
  2 crimson imps
  A bullfrog zombie (D:6)
  A quasit (D:8)
  2 hounds (D:7)
  2 jellies (D:7)
  5 orc priests
  Jessica (D:3)
  Natasha (thrice) (D:4)
  Terence (D:3)
  4 iguanas
  6 orc wizards
  5 worker ants
  A statue (D:8)
  A howler monkey zombie (D:5)
  2 worker ant zombies
  11 gnolls
  10 adders
  A shadow imp (D:5)
  An ooze (D:6)
  2 adder zombies
  4 worms
  A dart slug (D:2)
  6 leopard geckos
  20 orcs
  7 giant cockroaches
  10 goblins
  6 hobgoblins
  10 jackals
  11 kobolds
  A quokka (D:5)
  2 ball pythons
  14 bats
  2 frilled lizards
  A giant cockroach zombie (D:5)
  A jackal zombie (D:7)
  3 leopard gecko skeletons (D:7)
  2 rats (D:1)
189 creatures vanquished.

Vanquished Creatures (others)
  A killer bee (D:8)
1 creature vanquished.

Grand Total: 190 creatures vanquished

Notes
Turn   | Place    | Note
-------+----------+-------------------------------------------
     0 | D:1      | WolfYork the Gargoyle Wizard began the quest for the Orb.
     0 | D:1      | Reached XP level 1. HP: 10/10 MP: 4/4
   456 | D:1      | Reached XP level 2. HP: 15/16 MP: 6/6
   640 | D:1      | Found a sparkling altar of Nemelex Xobeh.
   832 | D:1      | Reached skill level 1 in Fighting
  1000 | D:1      | Reached XP level 3. HP: 20/20 MP: 1/7
  1944 | D:2      | Reached XP level 4. HP: 26/26 MP: 9/9
  2369 | D:3      | Noticed Terence
  2391 | D:2      | Learned a level 3 spell: Mephitic Cloud
  2395 | D:2      | Learned a level 3 spell: Conjure Flame
  2639 | D:2      | Reached skill level 2 in Fighting
  2747 | D:3      | Noticed Grinder
  2760 | D:3      | Paralysed by Grinder for 4 turns
  3175 | D:3      | Killed Terence
  3175 | D:3      | Reached XP level 5. HP: 31/31 MP: 1/10
  3695 | D:3      | Noticed Jessica
  3699 | D:3      | Killed Jessica
  3739 | D:3      | Found a basalt altar of Yredelemnul.
  3841 | D:4      | Noticed Duvessa
  3841 | D:4      | Noticed Dowan
  3923 | D:4      | Noticed Natasha
  3928 | D:4      | Killed Natasha
  3928 | D:4      | Reached skill level 3 in Fighting
  3934 | D:4      | Reached XP level 6. HP: 36/37 MP: 6/12
  3955 | D:4      | Noticed Natasha
  3981 | D:4      | Killed Natasha
  4311 | D:4      | Got a pitted hand axe
  4312 | D:4      | Identified the +7 hand axe "Wialilly" {chop, rC+} (You found it on level 4 of the Dungeon)
  4333 | D:4      | Noticed Natasha
  4338 | D:4      | Killed Natasha
  4598 | D:4      | Killed Dowan
  4599 | D:4      | Killed Duvessa
  4599 | D:4      | Reached XP level 7. HP: 42/42 MP: 3/14
  4833 | D:4      | Reached skill level 4 in Fighting
  5066 | D:4      | Reached skill level 5 in Spellcasting
  5202 | D:2      | Paralysed by Grinder for 4 turns
  5213 | D:2      | Killed Grinder
  5213 | D:2      | Reached skill level 5 in Fighting
  5213 | D:2      | Reached XP level 8. HP: 37/49 MP: 8/16
  5396 | D:5      | Entered Level 5 of the Dungeon
  6399 | D:6      | Upgraded the game from 0.19.0-22-gd96e5fe to 0.19.0-23-gf02e663
  6420 | D:5      | Learned a level 2 spell: Blink
  6426 | D:6      | Reached skill level 6 in Fighting
  6990 | D:6      | Found a burning altar of Makhleb.
  6993 | D:6      | Found a sacrificial altar of Ru.
  6996 | D:6      | Found a white marble altar of Elyvilon.
  6999 | D:6      | Found a shattered altar of Ashenzari.
  7337 | D:6      | Learned a level 2 spell: Throw Frost
  7340 | D:6      | Learned a level 2 spell: Repel Missiles
  7393 | D:7      | Reached XP level 9. HP: 50/56 MP: 11/19
  7402 | D:7      | Reached skill level 7 in Fighting
  7412 | D:7      | Reached skill level 5 in Conjurations
  7449 | D:7      | Found a staircase to the Ecumenical Temple.
  7462 | Temple   | Entered the Ecumenical Temple
  7885 | D:7      | Found a snail-covered altar of Cheibriados.
  8076 | D:7      | Found an opulent altar of Gozag.
  8093 | D:7      | Found a stormy altar of Qazlal.
  8219 | D:8      | Found Diacro's Food Shop.
  8376 | D:8      | Found a radiant altar of Vehumet.
  8387 | D:8      | Became a worshipper of Vehumet
  8552 | D:8      | Reached skill level 8 in Fighting
  8663 | D:8      | Found a bloodstained altar of Trog.
  8760 | D:8      | Reached skill level 1 in Fire Magic
  8779 | D:8      | Found a staircase to the Lair.
  8940 | Lair:1   | Entered Level 1 of the Lair of Beasts
  9047 | Lair:1   | Noticed a komodo dragon
  9047 | Lair:1   | Noticed a komodo dragon
  9054 | Lair:1   | Killed a komodo dragon
  9054 | Lair:1   | Reached XP level 10. HP: 51/65 MP: 14/21
  9078 | Lair:1   | Noticed a spiny frog
  9258 | D:8      | Upgraded the game from 0.19.0-23-gf02e663 to 0.19.0-24-gb05acd6
  9271 | D:8      | Slain by a spiny frog

Skill      XL: |  1  2  3  4  5  6  7  8  9 |
---------------+----------------------------+-----
Fighting       | 1 2 3 5 6 8 |  8.8
Dodging        | 2 3 4 |  4.8
Conjurations   | 2 3 4 6 |  6.1
Spellcasting   | 4 5 6 7 |  7.9
Fire Magic     | 1 |  1.8
Stealth        | |  2.1
Summonings     | |  0.8
Translocations | |  0.8

Action                   |  1- 3 |  4- 6 |  7- 9 | 10-12 || total
-------------------------+-------+-------+-------+-------++-------
Melee: Hand axe          |    85 |    88 |   224 |     5 ||   402
       Falchion          |       |       |     6 |       ||     6
 Fire: Hunting sling     |    34 |    42 |     9 |       ||    85
Throw: Javelin           |     2 |     2 |     5 |       ||     9
 Cast: Magic Dart        |    39 |    60 |   106 |       ||   205
       Mephitic Cloud    |       |     7 |    33 |     6 ||    46
       Blink             |       |       |     1 |     5 ||     6
       Repel Missiles    |       |       |     1 |       ||     1
       Throw Frost       |       |       |     6 |     2 ||     8
       Conjure Flame     |       |       |     2 |       ||     2
Evoke: Wand              |       |       |       |     2 ||     2
  Use: Scroll            |       |     1 |     5 |     1 ||     7
       Potion            |       |     1 |     2 |     2 ||     5
 Stab: Sleeping          |     1 |     2 |       |       ||     3
       Confused          |       |       |     8 |       ||     8
  Eat: Chunk             |     3 |     9 |    15 |       ||    27
Armor: Robe              |    55 |    52 |    82 |     8 ||   197
Dodge: Dodged            |    94 |    91 |   139 |    16 ||   340
       Deflected         |       |       |     2 |       ||     2
Block: Other             |       |     9 |    39 |     2 ||    50
       Rpst.: Falchion   |       |       |     1 |       ||     1
